Map: Nightshade LE

Players

Bupi

  • Race: Zerg Zerg
  • League: Platinum
  • Spawn Location: 11:00

ViBE - Winner!

  • Race: Protoss Protoss
  • League: Platinum
  • Spawn Location: 5:00

VOD

Have the link to the VOD?

Description

Time

  • Played on: Dec. 11, 2019, 11:47 p.m.
  • Length: 15:26
Show
View Real Time Build Order
Export as new Build Order

Bupi Zerg 

Build Orders: Hatch First, Lurkers 

Get SALT Encoding   

  12  0:01  Drone  
  13  0:13  Overlord  
  13  0:17  Drone  
  14  0:32  Drone x2  
  16  0:51  Hatchery  
  16  0:54  Drone  
  16  0:56  Drone  
  17  1:11  Spawning Pool  
  16  1:14  Drone  
  17  1:19  Drone  
  17  1:20  Drone  
  19  1:29  Drone  
  19  1:32  Extractor  
  19  1:44  Overlord  
  19  1:52  Drone  
  20  1:58  Queen  
  22  2:02  Queen  
  22  2:04  Zergling x4  
  26  2:14  Drone  
  26  2:15  Drone  
  28  2:27  Drone, Overlord  
  29  2:38  Lair  
  29  2:41  Drone x2  
  29  2:44  Drone  
  32  2:51  Overlord  
  32  2:56  Drone  
  32  2:57  Drone  
  33  3:13  Queen  
  33  3:14  Roach Warren  
  33  3:15  Drone x4, Evolution Chamber  
  37  3:21  Drone x2  
  37  3:25  Drone x2  
  41  3:27  Drone  
  41  3:33  Drone x2  
  44  3:38  Extractor  
  43  3:44  Extractor  
  43  3:46  Drone x3  
  43  3:47  Drone x3  
  48  3:49  Overlord  
  48  3:57  Glial Reconstitution, Zerg Missile Weapons Level 1  
  48  4:00  Drone  
  49  4:04  Roach  
  49  4:07  Overlord  
  51  4:15  Hatchery  
  50  4:23  Roach  
  52  4:33  Roach x4  
  52  4:35  Overlord x2  
  60  4:53  Queen  
  60  4:54  Roach x2  
  60  4:56  Drone x7  
  60  4:57  Drone  
  74  5:09  Drone x2  
  74  5:10  Overlord  
  74  5:11  Overlord  
  76  5:17  Overseer  
  76  5:23  Overlord x3  
  76  5:27  Drone x5  
  81  5:29  Drone  
  81  5:30  Drone  
  83  5:45  Extractor x2  
  83  5:49  Drone x2  
  83  5:50  Drone x3  
  83  5:52  Drone x3  
  83  5:53  Hatchery  
  83  5:54  Roach  
  90  6:24  Hydralisk Den  
  89  6:27  Extractor, Drone x2  
  89  6:29  Drone x3, Infestation Pit  
  91  6:53  Drone x6  
  91  6:54  Drone x11  
  108  7:03  Grooved Spines  
  108  7:12  Hydralisk x5  
  118  7:19  Overlord x6  
  118  7:22  Pathogen Glands  
  118  7:24  Hive  
  116  7:31  Hydralisk x2  
  116  7:32  Hatchery  
  116  7:34  Overlord x2  
  116  7:35  Overlord x3  
  119  7:46  Hydralisk x8  
  129  8:03  Extractor  
  120  8:06  Extractor  
  120  8:10  Hydralisk x14  
  137  8:14  Muscular Augments  
  137  8:18  Neural Parasite  
  137  8:21  Lurker Den  
  137  8:26  Drone  
  137  8:27  Drone x3  
  137  8:28  Drone x3  
  143  8:53  Hydralisk  
  143  8:54  Hydralisk x14  
  173  9:07  Hydralisk  
  173  9:08  Hydralisk x7  
  189  9:29  Lurker x4  
  193  9:31  Lurker  
  193  9:33  Zergling x2  
  193  9:34  Zergling x2  
  193  9:35  Zergling x2  
  193  9:36  Zergling x2  
  198  9:53  Hatchery  
  198  9:55  Adaptive Talons  
  197  10:11  Spine Crawler  
  197  10:13  Spine Crawler  
  194  10:30  Spire  
  185  10:50  Spine Crawler  
  185  10:51  Hydralisk x6  
  185  10:52  Hydralisk x3  
  185  10:53  Seismic Spines  
  199  11:46  Greater Spire  
  139  12:25  Hydralisk x16  
  139  12:26  Hydralisk x12  
  195  12:40  Hatchery  
  117  13:07  Spawning Pool  
  108  13:19  Corruptor x3  
  59  14:20  Spore Crawler  
  29  15:00  Hatchery  
  24  15:11  Hatchery x2  
  22  15:15  Hatchery  
Show
View Real Time Build Order
Export as new Build Order

ViBE Protoss - Winner!

Build Orders: 1 Gate Expand, Archon Immortal 

Get SALT Encoding   

  12  0:01  Probe  
  13  0:13  Probe  
  14  0:21  Pylon  
  14  0:27  Probe  
  15  0:39  Probe  
  16  0:49  Gateway  
  16  0:51  Probe (Chrono Boost)  
  16  0:55  Assimilator  
  17  1:04  Probe (Chrono Boost)  
  18  1:11  Probe (Chrono Boost)  
  18  1:18  Probe  
  20  1:31  Nexus  
  20  1:33  Probe  
  21  1:41  Cybernetics Core  
  21  1:45  Probe  
  22  1:50  Pylon  
  22  1:56  Assimilator  
  22  1:59  Probe  
  23  2:11  Probe (Chrono Boost)  
  24  2:20  Stalker  
  24  2:21  Warp Gate  
  27  2:23  Probe (Chrono Boost)  
  27  2:29  Probe (Chrono Boost)  
  28  2:38  Probe (Chrono Boost)  
  28  2:40  Robotics Facility  
  28  2:43  Probe (Chrono Boost)  
  30  2:50  Probe (Chrono Boost)  
  31  2:53  Probe (Chrono Boost)  
  31  2:55  Probe (Chrono Boost)  
  31  2:56  Sentry  
  31  2:58  Probe (Chrono Boost)  
  35  3:04  Probe  
  37  3:07  Pylon  
  37  3:10  Probe  
  37  3:11  Pylon  
  38  3:16  Probe  
  39  3:23  Pylon  
  39  3:24  Probe (Chrono Boost)  
  39  3:26  Stalker  
  42  3:28  Probe (Chrono Boost), Observer  
  45  3:39  Probe x2 (Chrono Boost)  
  46  3:46  Probe  
  46  3:47  Probe  
  47  3:49  Immortal  
  52  3:58  Probe  
  52  3:59  Probe  
  52  4:02  Gateway  
  54  4:09  Stalker  
  56  4:10  Probe  
  57  4:25  Immortal (Chrono Boost)  
  57  4:28  Nexus  
  61  4:31  Pylon  
  61  4:34  Stalker  
  63  4:39  Assimilator x2  
  63  4:42  Twilight Council  
  63  4:43  Gateway  
  63  4:45  Probe  
  63  4:46  Probe  
  65  4:55  Shield Battery  
  65  5:00  Immortal (Chrono Boost)  
  65  5:01  Shield Battery  
  65  5:04  Probe x2  
  71  5:10  Stalker  
  71  5:11  Stalker  
  75  5:16  Probe  
  75  5:17  Probe  
  77  5:26  Charge  
  77  5:29  Probe  
  78  5:37  Pylon  
  78  5:40  Probe, Immortal (Chrono Boost)  
  78  5:41  Probe x2, Pylon  
  85  5:44  Pylon  
  85  5:49  Zealot x2  
  89  5:50  Zealot  
  89  5:53  Probe x2  
  93  6:01  Probe  
  93  6:02  Assimilator  
  94  6:05  Probe x2, Assimilator  
  94  6:08  Templar Archives  
  94  6:11  Forge  
  96  6:15  Probe  
  96  6:17  Probe x2  
  99  6:27  Probe  
  99  6:29  Probe x2, Zealot x3  
  99  6:31  Immortal (Chrono Boost)  
  112  6:39  Probe  
  113  6:41  Probe x2  
  113  6:42  Pylon  
  115  6:50  Zealot  
  115  6:52  Protoss Ground Weapons Level 1 (Chrono Boost)  
  117  6:57  Gateway  
  117  6:59  Gateway  
  117  7:01  Gateway  
  117  7:03  Gateway  
  117  7:15  Nexus  
  117  7:23  Probe x2  
  117  7:24  Probe  
  117  7:26  Pylon  
  120  7:30  Pylon  
  120  7:32  Zealot x2  
  124  7:37  Probe  
  125  7:44  Probe x2  
  125  7:45  Immortal  
  125  7:48  Pylon  
  131  7:54  Robotics Facility  
  131  7:56  Zealot  
  131  7:57  Zealot x4  
  131  7:58  Zealot  
  141  8:01  Probe x2  
  141  8:06  Probe, Pylon  
  141  8:10  Pylon  
  142  8:17  High Templar  
  142  8:18  High Templar x2  
  148  8:23  Pylon  
  148  8:25  Pylon  
  148  8:28  Probe x4, Pylon  
  148  8:30  Gateway  
  148  8:32  Assimilator  
  152  8:34  Assimilator  
  152  8:37  High Templar x3  
  152  8:38  High Templar  
  152  8:39  Immortal  
  152  8:40  Probe  
  165  8:59  Zealot x3  
  165  9:00  Archon x2  
  171  9:13  Photon Cannon  
  171  9:16  Photon Cannon  
  171  9:20  Immortal x2 (Chrono Boost)  
  179  9:27  Protoss Ground Weapons Level 2 (Chrono Boost)  
  179  9:31  Robotics Facility  
  179  9:33  Robotics Facility  
  179  9:36  High Templar x3  
  179  9:37  High Templar x4, Robotics Bay  
  193  9:41  High Templar  
  193  9:44  Archon  
  193  9:45  Archon x3  
  195  9:46  Archon  
  195  9:49  Photon Cannon  
  195  9:51  Photon Cannon  
  195  9:52  Observer x2  
  197  9:53  Photon Cannon  
  197  9:54  Shield Battery  
  197  9:55  Photon Cannon  
  197  9:57  Shield Battery  
  197  9:59  Photon Cannon  
  197  10:00  Photon Cannon  
  197  10:03  Shield Battery  
  197  10:09  Gateway  
  197  10:10  Gateway  
  197  10:12  Gateway  
  197  10:14  Gateway  
  197  10:16  Gateway  
  197  10:21  Gateway  
  197  10:25  Gateway  
  197  10:26  Gravitic Boosters  
  197  10:28  Gateway  
  185  10:41  Immortal x3  
  169  11:01  Zealot  
  169  11:02  Zealot x5  
  169  11:03  Zealot x3  
  183  11:04  Zealot  
  183  11:10  Nexus  
  185  11:16  Pylon  
  185  11:18  High Templar x3  
  185  11:19  High Templar, Pylon  
  185  11:20  High Templar  
  185  11:23  High Templar  
  197  11:27  Archon x2  
  197  11:28  Archon  
  197  11:38  Pylon  
  197  11:39  Pylon  
  197  11:40  Photon Cannon  
  197  11:41  Photon Cannon  
  197  11:45  Photon Cannon  
  197  11:47  Photon Cannon  
  197  11:49  Photon Cannon  
  197  11:51  Photon Cannon  
  197  11:52  Shield Battery  
  197  11:53  Assimilator  
  191  11:54  Pylon  
  191  11:56  Shield Battery  
  191  11:58  Shield Battery  
  186  12:12  Stargate  
  186  12:14  Stargate  
  179  12:19  Immortal x2  
  179  12:20  Immortal x2  
  194  12:23  High Templar x2  
  194  12:24  High Templar  
  198  12:45  High Templar  
  198  12:46  Archon  
  198  12:49  Archon  
  198  12:51  Nexus  
  200  12:54  Pylon  
  200  12:55  Pylon  
  185  13:06  Pylon  
  185  13:07  Pylon  
  185  13:08  Fleet Beacon  
  185  13:10  Pylon  
  185  13:12  Pylon  
  177  13:17  Pylon  
  177  13:20  Pylon  
  177  13:24  Immortal  
  177  13:26  Immortal  
  188  13:28  Immortal  
  191  13:38  Dark Shrine  
  184  13:50  Zealot x4  
  184  13:51  Zealot x3  
  171  14:10  Immortal x2  
  171  14:13  High Templar x3  
  183  14:17  High Templar  
  184  14:31  Archon x2  
  184  14:35  Zealot x3  
  182  14:43  Probe x2  
  182  14:44  Probe  
  176  14:47  Zealot x2  
  176  14:48  Zealot  
  172  14:55  Probe  
  172  14:56  Probe  
  172  14:57  Probe  
  175  15:08  Probe x2  
Tags
 
Add a new tag
Caveats
  • Supply blocks, unpowered buildings, or Contaminate may cause inaccurate times.
  • Supply counts are checked every 10 seconds.